AoeStats
← schwellle

Four Lakes

508703098Analyzed
1v1 RM · 9d ago on Sep 23, 2026· 40m 35s· 2 players
Game mode
Random Map
Map size
Tiny (2 player)
Population
200
Speed
Normal
Resources
Standard
Victory
Conquest
Starting age
Dark Age
Ending age
Imperial Age
RankedLock teamsTeams togetherTeam positionsShared explorationLock speedFull tech treeHidden civsTurbo modeCheats
Victory
Defeat
🇩🇪 Danes · Germany
992
+16
🇦🇷 Japanese · Argentina
988
-16
Peinaldo
8:46 Loom
11:31 Feudal Age
11:58 Double-Bit Axe
13:07 Fishing Lines
16:58 Castle Age
17:03 Stone Mining
18:18 Wheelbarrow
18:21 Gillnets
19:09 Bow Saw
18:53 Gold Mining
19:20 Treadmill Crane
20:47 Hand Cart
20:24 Town Watch
22:46 Fletching
24:18 Gold Shaft Mining
23:58 Bodkin Arrow
25:58 Man-at-Arms
26:24 Gambesons
26:50 Forging
26:41 Scale Mail Armor
29:17 Iron Casting
28:58 Chain Mail Armor
29:12 Chain Mail Armor
33:16 Imperial Age
33:44 Long Swordsman
40:05 Imperial Age
schwellle
8:31 Loom
10:42 Feudal Age
11:16 Double-Bit Axe
13:59 Fishing Lines
19:42 Castle Age
18:42 Scale Mail Armor
18:47 Stone Mining
19:23 Gold Mining
19:55 Forging
20:33 Gillnets
20:41 Fletching
21:31 Chain Mail Armor
22:19 Squires
23:44 Wheelbarrow
25:51 Bow Saw
42:04 Imperial Age
40:11 Iron Casting
Connection lost

Rejoining the realm…

Still unreachable

The connection could not be restored.

Session expired

The server has moved on; the page needs a fresh start.